 Dungeon Crawl Stone Soup version 0.17.1-1-g73c8601 (webtiles) character file.

242 Opium the Charmwright (level 5, -4/35 HPs)
             Began as a High Elf Skald on Jan 9, 2016.
             Slain by a gnoll shaman
             ... wielding a +0 club
              (9 damage)
             ... on level 3 of the Dungeon.
             The game lasted 00:16:28 (2447 turns).

Opium the Charmwright (High Elf Skald)              Turns: 2447, Time: 00:16:28

Health: -4/35      AC:  6    Str: 12    XL:     5   Next: 81%
Magic:  3/10       EV: 16    Int: 15    God:
Gold:   138        SH:  0    Dex: 15    Spells: 4 memorised, 2 levels left

rFire  . . .     SeeInvis .     a - +0 falchion
rCold  . . .     Clarity  .     b - +0 leather armour
rNeg   . . .     SustAt   .     (no shield)
rPois  .         Gourm    .     (no helmet)
rElec  .         Spirit   .     v - +1 cloak
rCorr  .         Warding  .     n - +0 pair of gloves
rMut   .         Stasis   .     (no boots)
MR     .....                    (no amulet)
Stlth  +.........               (no ring)
                                g - +3 ring of evasion

@: infused, singing, not resistant to hostile enchantments, very unstealthy
A: no striking features
a: Stop Singing


You were on level 3 of the Dungeon.
You were not hungry.

You visited 1 branch of the dungeon, and saw 4 of its levels.

You collected 138 gold pieces.

Inventory:

Hand Weapons
 a - a +0 falchion (weapon)
Missiles
 x - 5 javelins of returning (quivered)
Armour
 b - a +0 leather armour (worn)
 n - a +0 pair of gloves (worn)
 v - a +1 cloak (worn)
Jewellery
 g - a +3 ring of evasion (left hand)
Scrolls
 k - a scroll of magic mapping {unknown}
 r - a scroll of remove curse {unknown}
 s - a scroll of enchant weapon {unknown}
 w - 2 scrolls of noise {unknown}
 y - a scroll of immolation {unknown}
Potions
 e - 3 potions of curing
 h - a potion of brilliance {unknown}
 j - a potion of ambrosia {unknown}
 l - 3 potions of lignification {unknown}
 o - 2 potions of cancellation {unknown}
 p - a potion of heal wounds {unknown}
 q - a potion of agility {unknown}
Books
 c - a book of Battle

   Spells                             Type                      Level
   a - Infusion                       Charms                       1
   b - Shroud of Golubria             Charms/Translocation         2
   c - Song of Slaying                Charms                       2
   d - Spectral Weapon                Hexes/Charms                 3
   e - Regeneration                   Charms/Necromancy            3
Comestibles
 d - 3 bread rations
 i - 2 meat rations
 m - a slice of pizza
 t - a royal jelly
 u - 2 chunks of flesh


   Skills:
 * Level 2.6 Fighting
 * Level 3.1 Long Blades
 + Level 1.4 Throwing
 * Level 2.3 Armour
 + Level 3.4 Dodging
 * Level 3.2 Spellcasting
 + Level 4.4 Charms


You had 2 spell levels left.
You knew the following spells:

 Your Spells              Type           Power        Failure   Level  Hunger
a - Infusion              Chrm           ###...       4%          1    #......
b - Song of Slaying       Chrm           ###.....     8%          2    ##.....
c - Shroud of Golubria    Chrm/Tloc      #.........   17%         2    ##.....
d - Regeneration          Chrm/Necr      #.........   30%         3    ###....


Dungeon Overview and Level Annotations

Branches:
Dungeon (4/15)
 Temple: D:4-7

Altars:
Fedhas
Kikubaaqudgha


Message History

The gnoll shaman is lightly wounded.
The gnoll shaman hits you but does no damage.
You hit the gnoll shaman!
The gnoll shaman is heavily wounded.
The gnoll shaman misses you.
You hit the gnoll shaman.
The gnoll shaman is severely wounded.
The gnoll shaman calls down the wrath of its god upon you.
You resist with some effort.
You closely miss the gnoll shaman.
The gnoll shaman is severely wounded.
The gnoll shaman hits you with a club.
* * * LOW HITPOINT WARNING * * *
You hit the gnoll shaman but do no damage.
The gnoll shaman is severely wounded.
The gnoll shaman barely misses you.
You slash the gnoll shaman!
The gnoll shaman is almost dead.
The gnoll shaman hits you with a club!
You die...

....####...'..#.###.#.# #.#
##..#..#...#).#..##.#.# #.#
##.#..'...#..#...#.#.# #.#####
#.#####.(####.....#[# #..†..#
#.#...)...........#.#######.##
###.#)..#..........##..........#
....#...#..####...###########(.#
###.#####..#..#..## #....#
....#..)...#..'.@# #.##.#
....#).#...####g.# #)##.#
###.####....PP...# #.##.# #
#..............# #.##.# #
#######.##.###.## #.##.# ####
#.##.###..# #.##.# ...#
#.........# #.##.# ##.#
###..###### #.##.# ##.# #..#
#.##.#


You could see a gnoll shaman.

Vanquished Creatures
  3 vampire bats (D:2)
  Jessica (D:2)
  A gnoll (D:4)
  2 adders (D:3)
  A giant gecko (D:2)
  3 orcs (D:3)
  A ball python (D:2)
  5 bat skeletons (D:2)
  7 goblins
  11 hobgoblins
  4 jackals (D:2)
  5 quokkas (D:3)
  6 bats
  5 giant newts
  6 kobolds
  7 rats
68 creatures vanquished.

Notes
Turn   | Place    | Note
--------------------------------------------------------------
     0 | D:1      | Opium the High Elf Skald began the quest for the Orb.
     0 | D:1      | Reached XP level 1. HP: 14/14 MP: 4/4
   200 | D:1      | Reached XP level 2. HP: 16/19 MP: 2/6
   328 | D:1      | Reached skill level 1 in Armour
   599 | D:2      | Learned a level 2 spell: Song of Slaying
   768 | D:2      | Reached skill level 4 in Charms
   768 | D:2      | Reached XP level 3. HP: 21/25 MP: 2/7
   973 | D:2      | Found a blossoming altar of Fedhas.
  1238 | D:2      | Noticed Jessica
  1823 | D:3      | Reached XP level 4. HP: 30/30 MP: 9/9
  2171 | D:2      | Killed Jessica
  2227 | D:2      | Found an ancient bone altar of Kikubaaqudgha.
  2227 | D:2      | Noticed a vampire bat
  2227 | D:2      | Noticed a vampire bat
  2227 | D:2      | Noticed a vampire bat
  2254 | D:2      | Killed a vampire bat
  2254 | D:2      | Reached skill level 1 in Throwing
  2254 | D:2      | Reached XP level 5. HP: 30/35 MP: 4/10
  2260 | D:2      | Killed a vampire bat
  2276 | D:2      | Killed a vampire bat
  2353 | D:2      | Learned a level 2 spell: Shroud of Golubria
  2357 | D:2      | Learned a level 3 spell: Regeneration
  2447 | D:3      | Slain by a gnoll shaman

Action                   |  1- 3 |  4- 6 || total
-------------------------+-------+-------++-------
Melee: Falchion          |   140 |    62 ||   202
Throw: Javelin           |     8 |    11 ||    19
 Cast: Infusion          |    18 |     3 ||    21
       Song of Slaying   |     3 |     2 ||     5
  Use: Scroll            |     2 |     1 ||     3
  Eat: Chunk             |     3 |     1 ||     4
       Beef jerky        |       |     1 ||     1
